AoeStats
← Schantiiniiii

African Clearing

505746956Analyzed
4v4 RM · 20d ago on Sep 10, 2026· 32m 37s· 8 players
Game mode
Random Map
Map size
Large (8 player)
Population
200
Speed
Normal
Resources
Standard
Victory
Conquest
Starting age
Dark Age
Ending age
Imperial Age
RankedLock teamsTeams togetherTeam positionsShared explorationLock speedFull tech treeHidden civsTurbo modeCheats
Victory
Defeat
🇩🇪 Mapuche · Germany
1685
+8
🇨🇭 Burmese · Switzerland
1661
+9
🇫🇷 Mongols · France
1559
+13
🇩🇪 Lithuanians · Germany
1515
+16
🇨🇳 Poles · China
1539
-13
🇹🇷 Tatars · Türkiye
1513
-12
🇨🇦 Magyars · Canada
1510
-12
🇺🇸 Byzantines · United States
1432
-9
AML4554
4:34 Loom
14:17 Feudal Age
18:55 Castle Age
17:13 Double-Bit Axe
17:58 Scale Barding Armor
22:06 Horse Collar
24:27 Chain Barding Armor
25:52 Bow Saw
31:45 Fletching
Kr4mer
4:27 Loom
12:33 Feudal Age
13:07 Double-Bit Axe
13:06 Horse Collar
17:34 Wheelbarrow
21:36 Castle Age
20:04 Gold Mining
26:30 Fletching
championqc82
3:38 Loom
14:08 Feudal Age
15:28 Wheelbarrow
19:58 Castle Age
17:57 Double-Bit Axe
19:18 Gold Mining
19:49 Padded Archer Armor
25:17 Fletching
25:42 Leather Archer Armor
28:17 Bow Saw
30:06 Gold Shaft Mining
32:16 Ballistics
洛莉
13:00 Feudal Age
11:25 Loom
13:11 Feudal Age
18:06 Castle Age
30:38 Szlachta Privileges
30:53 Horse Collar
31:39 Scale Barding Armor
31:24 Double-Bit Axe
31:52 Bloodlines
31:42 Husbandry
{ BP } Käpt`n Iglo
9:55 Loom
12:32 Feudal Age
16:22 Castle Age
15:26 Double-Bit Axe
16:39 Fletching
17:17 Bodkin Arrow
21:25 Padded Archer Armor
21:18 Town Watch
23:04 Wheelbarrow
28:19 Horse Collar
31:52 Bow Saw
32:58 Gold Mining
twitch.tv/gliedi69
6:05 Loom
11:39 Feudal Age
12:28 Double-Bit Axe
14:57 Scale Barding Armor
15:09 Forging
19:49 Wheelbarrow
22:59 Castle Age
22:39 Bloodlines
22:45 Gold Mining
22:38 Horse Collar
23:01 Light Cavalry
23:42 Husbandry
25:39 Chain Barding Armor
29:14 Fletching
29:25 Padded Archer Armor
29:59 Bow Saw
32:12 Hand Cart
33:02 Heavy Plow
Serxer
8:06 Loom
12:01 Feudal Age
16:44 Double-Bit Axe
20:43 Castle Age
21:11 Forging
Schantiiniiii
7:32 Loom
12:15 Feudal Age
16:48 Castle Age
17:06 Town Watch
24:59 Gold Mining
27:23 Horse Collar
27:46 Husbandry
28:50 Heavy Plow
29:05 Bloodlines
30:17 Wheelbarrow
32:31 Gold Shaft Mining
32:53 Hand Cart
Connection lost

Rejoining the realm…

Still unreachable

The connection could not be restored.

Session expired

The server has moved on; the page needs a fresh start.